 Dungeon Crawl Stone Soup version 0.17.1-3-g152610e (webtiles) character file.

112 Metrazal the Sneak (level 4, -9/22 HPs)
             Began as a Spriggan Assassin on Mar 20, 2016.
             Mangled by Natasha (10 damage)
             ... on level 3 of the Dungeon.
             The game lasted 00:11:48 (2578 turns).

Metrazal the Sneak (Spriggan Assassin)              Turns: 2578, Time: 00:11:48

Health: -9/22      AC:  4    Str:  7    XL:     4   Next: 64%
Magic:  5/5        EV: 19    Int: 12    God:
Gold:   138        SH:  0    Dex: 18    Spells: 0 memorised, 3 levels left

rFire  . . .     SeeInvis +     o - -3 dagger (curse)
rCold  . . .     Clarity  .     k - +0 robe
rNeg   . . .     SustAt   .     (shield restricted)
rPois  .         Gourm    .     (helmet restricted)
rElec  .         Spirit   .     d - +1 cloak
rCorr  .         Warding  .     (gloves unavailable)
rMut   .         Stasis   .     (boots unavailable)
MR     .....                    (no amulet)
Stlth  ++++......               (no ring)
                                n - ring of flight

@: slowed, quick, not resistant to hostile enchantments, stealthy
A: unfitting armour, see invisible, herbivore 3, speed 3, slow metabolism 2
a: Evoke Flight


You were on level 3 of the Dungeon.
You were not hungry.

You visited 1 branch of the dungeon, and saw 3 of its levels.

You collected 138 gold pieces.

Inventory:

Hand Weapons
 a - a +2 dagger
 b - a +2 blowgun
 c - a +0 hunting sling
 o - a cursed -3 dagger (weapon)
 p - a +3 dagger
Missiles
 e - 28 poisoned needles
 f - 2 curare-tipped needles
 h - 72 stones (quivered)
 i - 18 sling bullets of flame
 j - 16 arrows
 m - 34 sling bullets
Armour
 d - a +1 cloak (worn)
 k - a +0 robe (worn)
Jewellery
 n - a ring of flight (left hand)
Potions
 l - a potion of agility
 q - a potion of lignification {unknown}
Comestibles
 g - 3 bread rations


   Skills:
 - Level 1.5 Fighting
 + Level 3.5 Short Blades
 + Level 2.3(2.8) Slings
 - Level 2.0(2.3) Throwing
 + Level 3.3 Dodging
 + Level 6.7 Stealth


You had 3 spell levels left.
You didn't know any spells.

Dungeon Overview and Level Annotations

Branches:
Dungeon (3/15)

Altars:

Annotations:
D:3 Natasha


Innate Abilities, Weirdness & Mutations

You are tiny and cannot use many weapons and most armour.
You have supernaturally acute eyesight.
You are a herbivore.
You cover ground extremely quickly.
You need consume almost no food.


Message History

Natasha is severely wounded.
Natasha claws you but does no damage. Natasha barely misses you.
You hit Natasha.
Natasha is severely wounded.
Natasha misses you.
You closely miss Natasha.
Natasha is severely wounded.
The crimson imp blinks!
Natasha closely misses you.
You hit Natasha.
Natasha is almost dead.
Natasha claws you but does no damage.
You hit Natasha but do no damage.
Natasha is almost dead.
Natasha extends her claws.
Natasha closely misses you.
You hit Natasha but do no damage.
Natasha is almost dead.
The iron imp disappears in a puff of smoke!
Natasha claws you!
You die...

#.# #......)#.# #.
#.# #.#.##.##.# #
####.# #.#.##.##.#
..##.###.#.##.##.#
#.##.##.....#.##.#
#.............##.#
####.##.....####.#
#.###.#.## #.# #.#
#.#.# #@# #.#
#.#.# #h# #..
..... 5b. ###
#.... ..### #..
#.. #.. #..


You could see Natasha, a crimson imp and a bat.

Vanquished Creatures
  Terence (D:3)
  An orc wizard (D:3)
  An adder (D:2)
  An ooze (D:1)
  2 giant geckos (D:1)
  2 orcs (D:3)
  6 bats
  3 giant cockroaches (D:1)
  7 hobgoblins
  4 jackals
  5 kobolds
  A ball python (D:2)
  2 giant newts (D:1)
  5 goblins
  6 rats
47 creatures vanquished.

Notes
Turn   | Place    | Note
--------------------------------------------------------------
     0 | D:1      | Metrazal the Spriggan Assassin began the quest for the Orb.
     0 | D:1      | Reached XP level 1. HP: 10/10 MP: 2/2
    76 | D:1      | Reached skill level 6 in Stealth
   277 | D:1      | Reached XP level 2. HP: 14/14 MP: 3/3
  1419 | D:1      | Reached XP level 3. HP: 18/18 MP: 4/4
  1524 | D:2      | Reached skill level 1 in Slings
  1713 | D:2      | Found a faded altar to an unknown god.
  2228 | D:3      | Noticed Terence
  2247 | D:3      | Killed Terence
  2247 | D:3      | Reached XP level 4. HP: 22/22 MP: 5/5
  2543 | D:3      | Noticed Natasha
  2571 | D:3      | HP: 1/22 [Natasha/magic dart (6)]
  2578 | D:3      | Mangled by Natasha

Action                   |  1- 3 |  4- 6 || total
-------------------------+-------+-------++-------
Melee: Dagger            |   119 |    47 ||   166
       Blowgun           |       |     1 ||     1
 Fire: Blowgun           |     5 |       ||     5
  Use: Scroll            |     6 |     1 ||     7
 Stab: Sleeping          |    10 |     1 ||    11
